 Dungeon Crawl Stone Soup version 0.25-a0-949-gdd2af9e06e (webtiles) character file.

Game seed: 15214947800621822393, levelgen mode: deterministic

4620 Flugslaktarn the Cleaver (level 10, -26/79 HPs)
             Began as a Formicid Fighter on May 8, 2020.
             Was a Follower of Uskayaw.
             Killed from afar by Fannar (40 damage)
             ... with a bolt of cold
             ... on level 10 of the Dungeon.
             The game lasted 00:06:17 (8992 turns).

Flugslaktarn the Cleaver (Formicid Fighter)         Turns: 8992, Time: 00:06:17

Health: -26/79     AC: 13    Str: 21 (24) XL:     10   Next: 69%
Magic:  14/14      EV:  7    Int:  5 (7)  God:    Uskayaw [*.....]
Gold:   435        SH: 11    Dex: 10 (11) Spells: 9/9 levels left

rFire    . . .     SeeInvis +   h - +2 executioner's axe (freeze)
rCold    . . .     Gourm    .   c - +0 kite shield
rNeg     + . .     Faith    .   j - +0 chain mail
rPois    .         Spirit   .   (helmet unavailable)
rElec    .         Reflect  .   (no cloak)
rCorr    .         Harm     .   t - +1 pair of gloves
MR       +....                  (no boots)
Stlth    ..........             B - macabre finger necklace {rN+}
HPRegen  0.23/turn              f - ring of attention (curse)
MPRegen  0.14/turn              (no ring)
                                (no ring)

@: stab, lightly drained
A: permanent stasis, dig shafts and tunnels, four strong arms, antennae 3
a: Dig, Shaft Self, Stomp, Renounce Religion


You were on level 10 of the Dungeon.
You worshipped Uskayaw.
Uskayaw was noncommittal.
You were not hungry.

You visited 2 branches of the dungeon, and saw 10 of its levels.
You also visited: Sewer.

You collected 435 gold pieces.

Inventory:

Hand Weapons
 h - a +2 executioner's axe of freezing (weapon)
   (You acquired it on level 8 of the Dungeon)
Armour
 c - a +0 kite shield (worn)
 j - a +0 chain mail (worn)
   (You found it on level 1 of the Dungeon)
 t - a +1 pair of gloves (worn)
   (You found it on level 4 of the Dungeon)
Jewellery
 f - a cursed ring of attention (left hand)
   (You found it on level 3 of the Dungeon)
 n - an uncursed ring of fire
   (You found it on level 2 of the Dungeon)
 B - the macabre finger necklace (around neck) {rN+}
   (You found it on level 7 of the Dungeon)

   [amulet of nothing]

   It protects you from negative energy.
Wands
 a - a wand of paralysis (8)
   (You found it on level 8 of the Dungeon)
Scrolls
 l - 2 scrolls of immolation
 u - 2 scrolls of fog
 x - 4 scrolls of remove curse
 D - a scroll of magic mapping
Potions
 b - 3 potions of flight
 d - 3 potions of might
 p - a potion of invisibility
 s - a potion of brilliance
Comestibles
 e - 13 rations


   Skills:
 + Level 7.5(7.4) Fighting
 * Level 9.1(9.0) Axes
 + Level 7.6 Armour
 + Level 8.3(8.2) Shields
 + Level 6.3(6.2) Invocations


You had 9 spell levels left.
You didn't know any spells.
Your spell library was empty.

Dungeon Overview and Level Annotations

Branches:
Dungeon (8/15)             Temple (1/1) D:4           Sewer (visited)
   Lair: D:8-11

Altars:
Cheibriados
Dithmenos
Elyvilon
Hepliaklqana
Kikubaaqudgha
Ru
Uskayaw
Xom
Zin

Shops:
D:6 [   D:8 }%

Annotations:
D:10 Fannar


Innate Abilities, Weirdness & Mutations

You cannot be hasted, slowed, berserked, paralysed or teleported.
You can dig through walls and to a lower floor.
Your four strong arms can wield two-handed weapons with a shield.
You have a pair of large antennae on your head. (SInv)


Message History

* * * LOW HITPOINT WARNING * * *
Unknown command.
It was a potion of magic.
Magic courses through your body.
Fannar hits you with a +0 quarterstaff of freezing.
* * * LOW HITPOINT WARNING * * *
It was a potion of cancellation.
Your magical effects are unravelling.
You feel magically purged.
You feel a little less clever now.
Your resistance to elements expires.
Fannar hits you but does no damage.
It was a potion of degeneration.
There was something very wrong with that liquid.
You feel weakened.
You feel dopey.
You feel clumsy.
Fannar gestures wildly while chanting.
It was a potion of stabbing.
You feel ready to backstab. Fannar gestures at you while chanting.
The bolt of cold hits you!!!
Ouch! That really hurt!
You die...

#..........#.#
.............
........#... ...$
........#... .....
..........# ..... ...
#.....$# ...... ...#
##.....####......
....##.....)..(#......
..........##@Y.)......
.[........##.e.)...8..
......z...#..#)(......
8...........#......8..
........$.>.#.........
........###........8.)
.......## #..........#
....... ##.....#....
....... #.....#....


You could see Fannar and an ice beast.

Vanquished Creatures
  A gargoyle (D:6)
  A troll (D:7)
  A hippogriff (D:10)
  A spriggan (D:7)
  Sigmund (D:2)
  Eustachio (D:6)
  A hungry ghost (D:7)
  A water moccasin (D:8)
  Duvessa (D:7)
  A black bear (D:7)
  An orc warrior (D:6)
  2 phantoms
  A sky beast (D:8)
  An ice beast (D:7)
  A centaur (D:4)
  2 big kobolds (D:7)
  6 bullfrogs
  Dowan (D:7)
  3 scorpions
  5 killer bees (D:8)
  6 wights
  3 howler monkeys (D:10)
  3 crimson imps
  2 quasits
  3 hounds
  6 jellies
  2 orc priests (D:8)
  A bullfrog skeleton (D:6)
  5 orc wizards (D:8)
  A centaur skeleton (D:7)
  4 iguanas
  7 worker ants
  A hound skeleton (D:7)
  3 worker ant zombies
  5 gnolls
  8 adders
  2 shadow imps
  5 oozes (D:7)
  An adder zombie (D:4)
  4 worms
  A dart slug (D:3)
  5 leopard geckos
  17 orcs
  4 bats (D:1)
  4 giant cockroaches
  5 goblins
  7 hobgoblins
  5 jackals (D:1)
  2 quokkas
  4 ball pythons
  9 frilled lizards
  14 kobolds
  A quokka skeleton (D:4)
  5 rats
188 creatures vanquished.

Vanquished Creatures (others)
  9 fungi
  9 toadstools (D:7)
18 creatures vanquished.

Grand Total: 206 creatures vanquished

Notes
Turn   | Place    | Note
-------+----------+-------------------------------------------
     0 | D:1      | Flugslaktarn the Formicid Fighter began the quest for the
                  | Orb.
     0 | D:1      | Reached XP level 1. HP: 18/18 MP: 1/1
    32 | D:1      | Reached XP level 2. HP: 24/24 MP: 2/2
    48 | D:1      | You fall into a shaft and drop 1 floor!
   235 | D:1      | Reached XP level 3. HP: 29/29 MP: 3/3
   825 | D:2      | Noticed Sigmund
   838 | D:2      | Killed Sigmund
   838 | D:2      | Reached skill level 3 in Axes
   838 | D:2      | Reached XP level 4. HP: 26/37 MP: 4/4
   838 | D:2      | Reached XP level 5. HP: 29/42 MP: 5/5
   838 | D:2      | Reached XP level 6. HP: 33/48 MP: 6/6
  1042 | D:2      | You fall into a shaft and drop 2 floors!
  1043 | D:4      | Noticed a phantom
  1052 | D:5      | Entered Level 5 of the Dungeon
  1098 | D:5      | Noticed a phantom
  1283 | D:4      | Reached skill level 4 in Axes
  1324 | D:4      | Found a glowing silver altar of Zin.
  1617 | D:2      | Found a shimmering altar of Xom.
  2168 | D:3      | Reached skill level 5 in Shields
  2432 | D:3      | Found a hide-covered altar of Uskayaw.
  2432 | D:3      | Found an ancient bone altar of Kikubaaqudgha.
  2432 | D:3      | Found a sacrificial altar of Ru.
  2587 | D:3      | Became a worshipper of Uskayaw the Reveler
  2602 | D:4      | Reached * piety under Uskayaw
  2620 | D:4      | Reached ** piety under Uskayaw
  2787 | D:4      | Found a staircase to the Ecumenical Temple.
  2794 | Temple   | Entered the Ecumenical Temple
  2798 | Temple   | Reached XP level 7. HP: 7/55 MP: 7/7
  3071 | D:4      | Reached skill level 1 in Invocations
  3071 | D:4      | Reached *** piety under Uskayaw
  3073 | D:4      | Reached **** piety under Uskayaw
  3097 | Temple   | Reached skill level 5 in Axes
  3335 | D:4      | Reached skill level 5 in Fighting
  3708 | D:5      | Found a white marble altar of Elyvilon.
  3736 | D:5      | Reached skill level 5 in Armour
  3987 | D:5      | Reached XP level 8. HP: 61/62 MP: 9/9
  4564 | D:6      | Noticed a gargoyle
  4577 | D:6      | Killed a gargoyle
  4577 | D:6      | Reached skill level 6 in Axes
  4856 | D:6      | Found a shadowy altar of Dithmenos.
  4983 | D:6      | Found a glowing drain.
  5004 | Sewer    | Entered a sewer
  5546 | D:6      | Found Qoaceli's Armour Shop.
  5556 | D:6      | Noticed Eustachio
  5567 | D:6      | Reached XP level 9. HP: 65/69 MP: 11/11
  5583 | D:6      | Killed Eustachio
  5861 | D:6      | Reached skill level 7 in Axes
  6145 | D:7      | Found the macabre finger necklace {rN+}
  6448 | D:7      | Noticed a troll
  6458 | D:7      | Killed a troll
  6458 | D:7      | Reached skill level 5 in Invocations
  6782 | D:7      | Noticed Duvessa
  6793 | D:7      | Killed Duvessa
  6801 | D:7      | Noticed Dowan
  6810 | D:7      | Killed Dowan
  6868 | D:7      | Reached skill level 8 in Axes
  6868 | D:7      | Reached XP level 10. HP: 70/77 MP: 13/13
  7082 | D:7      | Found a snail-covered altar of Cheibriados.
  8105 | D:8      | Found Extew's Food Boutique.
  8201 | D:8      | Identified a scroll of acquirement
  8201 | D:8      | Identified the +0 cloak of Mirth {rElec Stlth+} (You
                  | acquired it on level 8 of the Dungeon)
  8430 | D:8      | Found a hazy altar of Hepliaklqana.
  8474 | D:8      | Found Nogiob's Gadget Emporium.
  8642 | D:8      | Reached skill level 9 in Axes
  8653 | D:8      | You fall into a shaft and drop 2 floors!
  8653 | D:10     | Entered Level 10 of the Dungeon
  8978 | D:10     | Noticed Fannar
  8992 | D:10     | Killed from afar by Fannar

Levels and vault maps discovered:
D:1:      grunt_arrival_lava_bath, layout_basic, minmay_crystal_water,
          hangedman_decor_growths, chequers_serial_rivers_marsh,
          hangedman_decor_peaks_small
D:2:      lemuel_upstairs_altar, layout_basic, first_ration,
          ebering_dispersal_statue_hall, uniq_sigmund
D:3:      layout_loops_ring, gammafunk_temple_overflow_forgotten
D:4:      layout_basic, lemuel_crystal_altar, minmay_temple_entry_wispy
D:5:      layout_loops_cross, elyvilon_altar_4
D:6:      layout_loops_cross, grunt_dithmenos_smoke, serial_shops, shop,
          portal_sewer_entry_a, kennysheep_generic_room_15, uniq_eustachio
D:7:      cheibrodos_fertilizer, layout_rooms, nicolae_overflow_hidden_temple,
          the_bakery, chequers_decorated_corner, uniq_duvessa
D:8:      layout_gridville, kennysheep_mini, tgw_xom, dpeg_oklobed_lair,
          serial_shops, nicolae_shop_trees, nicolae_shop_crystal, shop, shop,
          shop
D:10:     layout_cave_pools, serial_column_ruins, column_ruins_columns_straight,
          column_ruins_columns_dead_end, column_ruins_open_tiny,
          column_ruins_open_tiny, column_ruins_grid_3, column_ruins_grid_1,
          column_ruins_corridor_straight, uniq_nergalle, uniq_fannar
Temple:   minmay_temple_bridge_abc

Skill      XL: |  1  2  3  4  5  6  7  8  9 10 |
---------------+-------------------------------+-----
Shields        | 4 5 6 7 8 |  8.3
Fighting       | 4 5 6 7 |  7.5
Axes           | 3 4 5 6 8 9 |  9.1
Armour         | 4 5 6 7 |  7.6
Invocations    | 2 3 5 6 |  6.3

Action                   |  1- 3 |  4- 6 |  7- 9 | 10-12 || total
-------------------------+-------+-------+-------+-------++-------
Melee: War axe           |    76 |   129 |   322 |   135 ||   662
       Executioner's axe |       |       |       |    61 ||    61
Invok: Stomp             |       |       |    11 |     4 ||    15
 Abil: Shaft Self        |       |       |       |     1 ||     1
  Use: Scroll            |       |     1 |    11 |     5 ||    17
       Potion            |       |       |       |    13 ||    13
 Stab: Paralysed         |       |       |    11 |    15 ||    26
       Invisible         |       |       |       |     2 ||     2
  Eat: Chunk             |       |     6 |     5 |     6 ||    17
       Ration            |       |       |     3 |     3 ||     6
Armor: Scale mail        |    19 |       |       |       ||    19
       Chain mail        |    18 |    50 |   176 |   124 ||   368
Dodge: Dodged            |    20 |    36 |    98 |   109 ||   263
Block: Kite shield       |    46 |    77 |   191 |   164 ||   478

Table legend:
 A = Non-vault XP
 B = Vault XP
 C = Vault XP percentage of total XP
 D = Non-vault monster count
 E = Vault monster count
 F = Vault count percentage of total count
                 A         B        C        D         E       F
            +---------+---------+-------+---------+---------+-------
      Total |    5258 |    1342 |  20.3 |     149 |      39 |  20.7
            +---------+---------+-------+---------+---------+-------
        D:1 |      41 |       0 |   0.0 |      17 |       0 |   0.0
        D:2 |      35 |     212 |  85.8 |      17 |       1 |   5.6
        D:3 |      50 |       0 |   0.0 |      11 |       0 |   0.0
        D:4 |     316 |       0 |   0.0 |      13 |       0 |   0.0
        D:5 |     203 |       0 |   0.0 |       5 |       0 |   0.0
        D:6 |    1273 |     200 |  13.6 |      20 |       4 |  16.7
        D:7 |    1370 |     869 |  38.8 |      22 |      21 |  48.8
        D:8 |    1173 |       0 |   0.0 |      25 |       0 |   0.0
       D:10 |     581 |       0 |   0.0 |      15 |       0 |   0.0
     Temple |     216 |       0 |   0.0 |       4 |       0 |   0.0
      Sewer |       0 |      61 | 100.0 |       0 |      13 | 100.0
            +---------+---------+-------+---------+---------+-------
